 Dungeon Crawl Stone Soup version 0.27-a0-920-gb2bd10914a (webtiles) character file.

Game seed: 14510597716836037413

11120 dmks the Destroyer (level 11, -5/74 HPs)
             Began as a Red Draconian Conjurer on Apr 8, 2021.
             Was a High Priest of Sif Muna.
             Slain by Harold
             ... wielding a +2 scimitar of flaming
              (13 damage)
             ... on level 10 of the Dungeon on Apr 9, 2021.
             The game lasted 00:59:48 (18314 turns).

dmks the Destroyer (Red Draconian Conjurer)        Turns: 18314, Time: 00:59:48

Health: -5/74      AC: 13    Str:  9    XL:     11   Next: 45%
Magic:  24/24      EV:  8    Int: 22    God:    Sif Muna [*****.]
Gold:   513        SH:  0    Dex: 14    Spells: 19/28 levels left

rFire    + + .     SeeInvis .   I - staff of fire
rCold    . . .     Faith    .   (no shield)
rNeg     . . .     Spirit   .   (armour unavailable)
rPois    .         Reflect  .   G - +2 hat
rElec    .         Harm     .   (no cloak)
rCorr    .         Rampage  .   a - +2 pair of gloves
Will     +....                  h - +0 pair of boots
Stlth    +.........             (no amulet)
HPRegen  0.22/turn              M - ring of willpower
MPRegen  0.19/turn              l - ring of wizardry

@: confused, ambrosia-drunk, held
A: breathe fire, AC +7, unfitting armour, fire resistance 1, cold-blooded, agile
2, subdued magic 1
a: Breathe Fire, Renounce Religion, Channel Magic, Forget Spell, Divine Exegesis


You were on level 10 of the Dungeon.
You worshipped Sif Muna.
Sif Muna was extremely pleased with you.
You visited 1 branch of the dungeon, and saw 10 of its levels.
You also visited: Ossuary.

You collected 513 gold pieces.

Inventory:

Hand Weapons
 j - a +0 short sword
   (You found it on level 2 of the Dungeon)
 D - a +0 dagger of protection
   (You found it on level 7 of the Dungeon)
Missiles
 B - 10 curare-tipped darts {!f}
Armour
 a - a +2 pair of gloves (worn)
   (You found it on level 7 of the Dungeon)
 h - a +0 pair of boots (worn)
   (You found it on level 2 of the Dungeon)
 x - the -1 tower shield "Junwiropt" {rElec rN+ rCorr Str+3}
   (You found it on level 6 of the Dungeon)

   It affects your strength (+3).
   It insulates you from electricity.
   It protects you from negative energy.
   It protects you from acid and corrosion.
 G - a +2 hat (worn)
   (You found it on level 6 of the Dungeon)
Magical Staves
 I - a staff of fire (weapon)
   (You found it on level 7 of the Dungeon)
Jewellery
 b - a ring of ice
   (You found it on level 3 of the Dungeon)
 l - a ring of wizardry (right hand)
   (You found it on level 3 of the Dungeon)
 M - a ring of willpower (left hand)
   (You found it on level 9 of the Dungeon)
Wands
 t - a wand of flame (32)
   (You took it off Natasha on level 2 of the Dungeon)
 u - a wand of paralysis (5)
   (You took it off a kobold on level 6 of the Dungeon)
 y - a wand of mindburst (12)
   (You found it on level 6 of the Dungeon)
 J - a wand of charming (5)
   (You found it on level 8 of the Dungeon)
Scrolls
 g - a scroll of teleportation {unknown}
 m - 13 scrolls of identify {@r1}
 n - 2 scrolls of enchant armour
 q - a scroll of fog
 s - a scroll of enchant weapon {unknown}
 v - a scroll of magic mapping {unknown}
 w - a scroll of noise {unknown}
 z - a scroll of acquirement {unknown}
 A - a scroll of immolation {!r}
 C - a scroll of brand weapon {unknown}
 F - a scroll of vulnerability {unknown}
Potions
 c - 2 potions of magic
 d - 3 potions of curing {@q1}
 e - 3 potions of degeneration {!q}
 f - 2 potions of ambrosia
 i - a potion of berserk rage {unknown}
 k - a potion of invisibility {unknown}
 o - a potion of resistance
 p - a potion of cancellation {unknown}
 E - 2 potions of attraction {unknown}
 H - a potion of haste {@q3}
 L - a potion of flight {unknown}
Miscellaneous
 N - a lightning rod (4/4) {!a}
   (You found it on level 10 of the Dungeon)


   Skills:
 + Level 6.7 Dodging
 - Level 2.6 Stealth
 * Level 9.4 Spellcasting
 + Level 9.5 Conjurations
 * Level 8.9 Fire Magic
 - Level 1.2 Air Magic
 - Level 1.3 Poison Magic
 + Level 7.2 Invocations
 - Level 1.4 Evocations


You had 19 spell levels left.
You knew the following spells:

 Your Spells              Type           Power      Damage    Failure   Level
a - Magic Dart            Conj           100%       1d8       1%          1
d - Conjure Flame         Conj/Fire      56%        6-21      1%          3
f - Mephitic Cloud        Conj/Pois/Air  21%        N/A       1%          3
s - Searing Ray           Conj           80%        3d6       1%          2

Your spell library contained the following spells:

 Spells                   Type           Power      Damage    Failure   Level
 Foxfire                  Conj/Fire      100%       2x1d9     1%          1
 Sandblast                Erth           14%        2d6       1%          1
 Summon Small Mammal      Summ           28%        N/A       1%          1
 Dazzling Flash           Conj/Hex       48%        N/A       1%          3
 Stone Arrow              Conj/Erth      48%        3d10      1%          3
 Fulminant Prism          Conj/Hex       12%        3d9       2%          4
 Iskenderun's Mystic Bla  Conj/Tloc      24%        2d7       2%          4
 Blink                    Tloc           N/A        N/A       3%          2
 Call Imp                 Summ           7%         N/A       3%          2
 Passwall                 Tmut/Erth      5%         N/A       3%          2
 Slow                     Hex            7%         N/A       3%          2
 Call Canine Familiar     Summ           7%         N/A       6%          3
 Gell's Gravitas          Tloc           3%         N/A       6%          3
 Summon Guardian Golem    Hex/Summ       7%         N/A       6%          3
 Summon Lightning Spire   Summ/Air       10%        N/A       17%         4
 Petrify                  Tmut/Erth      7%         N/A       22%         4
 Summon Ice Beast         Ice/Summ       7%         N/A       22%         4
 Lee's Rapid Deconstruct  Erth           3%         3d6*      52%         5
 Dispersal                Tloc           3%         N/A       97%         6
 Ignition                 Fire           27%        3d9       98%         8


Dungeon Overview and Level Annotations

Branches:
Dungeon (10/15)            Temple (0/1) D:5             Orc (0/2) D:9
Ossuary (visited)
   Lair: D:8-11

Altars:
Cheibriados
Elyvilon
Gozag
Makhleb
Nemelex Xobeh
Okawaru
Sif Muna
Trog
Vehumet
Zin
The Shining One
Beogh

Shops:
D:8 (

Annotations:
D:4 Sigmund
D:10 Erica, Harold


Innate Abilities, Weirdness & Mutations

You can breathe blasts of fire.
Your fiery red scales are hard. (AC +7)
You cannot fit into any form of body armour.
Your flesh is heat resistant. (rF+)
You are cold-blooded and may be slowed by cold attacks.
You are very agile. (Dex +4)
Your spells are a little easier to cast, but a little less powerful.


Message History

You feel better. Harold barely misses you. The gnoll closely misses you.
The komodo dragon closely misses you.
You struggle against the net.
Harold casts a spell at you.
You barely resist. The gnoll hits you but does no damage.
The komodo dragon bites you but does no damage.
As you read the scroll labelled MUGYDAOXEM, it crumbles to dust.
It is a scroll of enchant armour.
Your +1 pair of gloves glows green for a moment.
Harold closely misses you.
The gnoll hits you but does no damage. x2
The komodo dragon completely misses you.
Okay, then.
Okay, then.
As you read the scroll labelled HACIOWN ESEPT, it crumbles to dust.
The creatures around you are filled with an inner flame!
It was a scroll of immolation.
The gnoll barely misses you.
Harold hits you with a +2 scimitar of flaming!
Harold burns you.
The gnoll shaman hits you with a +0 club!
* * * LOW HITPOINT WARNING * * *
The gnoll hits you but does no damage. The gnoll hits you with a +0 club.
* * * LOW HITPOINT WARNING * * *
The komodo dragon bites you.
* * * LOW HITPOINT WARNING * * *
You feel much better.
Harold hits you with a +2 scimitar of flaming!
* * * LOW HITPOINT WARNING * * *
Harold burns you.
* * * LOW HITPOINT WARNING * * *
The gnoll barely misses you.
The gnoll hits you from afar with a +0 spear.
* * * LOW HITPOINT WARNING * * *
The komodo dragon bites you.
* * * LOW HITPOINT WARNING * * *
Okay, then.
As you read the scroll labelled YSYSEO ACAUBB, it crumbles to dust.
The scroll dissolves into smoke.
It was a scroll of fog.
The gnoll completely misses you.
Harold hits you with a +2 scimitar of flaming!
* * * LOW HITPOINT WARNING * * *
Harold burns you.
* * * LOW HITPOINT WARNING * * *
The gnoll shaman hits you but does no damage.
The gnoll hits you but does no damage. x2; The komodo dragon barely misses you.
You are confused.
You feel invigorated. The gnoll hits you with a +0 flail.
* * * LOW HITPOINT WARNING * * *
The gnoll hits you but does no damage.
Harold hits you with a +2 scimitar of flaming!
You die...

.....##.................#.......#
........<........................
..##...........................
.###...###............>.......
.###...#####..................
........##.........#..(.......
.....##.......§§§..#.##......#
#.....#.......§§gg............
##....>.......gg@l.#....##....
###.#........§@§§§.....# ....
###..........§§§......# ...
##.....#.............. ..
#......#...............
##....................#
##...............#...#
................


You could see Harold (inner flame), a komodo dragon (inner flame), a gnoll
shaman (inner flame) and 3 gnolls.

Vanquished Creatures
  A two-headed ogre (D:9)
  Sonja (D:10)
  Pikel (D:7)
  Joseph (D:7)
  A polar bear (D:9)
  A troll (D:10)
  Prince Ribbit (D:6)
  Grinder (D:4)
  A spriggan (shapeshifter) (D:9)
  A shadow (D:8)
  2 wyverns
  21 yaks
  3 steam dragons
  Edmund (D:6)
  5 orc warriors
  2 ice beasts
  A black bear (D:7)
  3 wolves (D:9)
  2 ogres
  2 centaurs
  A lemure (D:7)
  A phantom (D:4)
  A kobold brigand (D:6)
  3 bullfrogs
  A water moccasin zombie (D:5)
  2 scorpions
  A wyvern zombie (D:7)
  8 killer bees
  5 wights (D:8)
  A howler monkey (D:9)
  2 bullfrog zombies
  2 hounds
  2 centaur zombies
  A gnoll shaman (D:7)
  9 orc priests
  2 jellies
  7 bullfrog skeletons
  2 iguanas
  Natasha (thrice) (D:2)
  7 orc wizards
  A killer bee zombie (D:8)
  3 centaur simulacra (D:9)
  15 mummies
  2 howler monkey zombies
  A howler monkey skeleton (D:5)
  9 adders
  6 gnolls
  A shadow imp (D:5)
  5 white imps
  5 ufetubi
  An adder skeleton (D:4)
  A worm (D:2)
  5 dart slugs
  49 orcs
  10 ball pythons
  4 bats
  7 endoplasms
  2 giant cockroaches
  7 goblins
  5 hobgoblins
  8 jackals
  10 kobolds
  3 quokkas (D:1)
  5 frilled lizards
  A gnoll skeleton (Ossuary)
  5 goblin skeletons (Ossuary)
  A kobold skeleton (Ossuary)
  An orc skeleton (Ossuary)
  6 rats
  11 rat skeletons (Ossuary)
303 creatures vanquished.

Vanquished Creatures (others)
  35 plants
35 creatures vanquished.

Grand Total: 338 creatures vanquished

Notes
Turn   | Place    | Note
-------+----------+-------------------------------------------
     0 | D:1      | dmks the Draconian Conjurer began the quest for the Orb.
     0 | D:1      | Reached XP level 1. HP: 14/14 MP: 3/3
   214 | D:1      | Reached XP level 2. HP: 19/20 MP: 1/5
   853 | D:1      | Identified the Grimoire of the Flamy Voyage
  1178 | D:1      | Reached XP level 3. HP: 26/26 MP: 3/6
  1392 | D:1      | Found a faded altar of an unknown god.
  1399 | D:1      | Became a worshipper of Sif Muna the Loreminder
  1399 | D:1      | Reached * piety under Sif Muna
  1617 | D:2      | Found a bloodstained altar of Trog.
  1932 | D:2      | Noticed Natasha
  1937 | D:2      | Killed Natasha
  2024 | D:2      | Reached XP level 4. HP: 33/33 MP: 5/8
  2564 | D:2      | Noticed Natasha
  2575 | D:2      | Killed Natasha
  2575 | D:2      | Noticed Natasha
  2582 | D:2      | Killed Natasha
  3187 | D:3      | Reached XP level 5. HP: 38/38 MP: 7/9
  3516 | D:3      | Found a glowing golden altar of the Shining One.
  3519 | D:3      | Found an opulent altar of Gozag.
  3553 | D:3      | Learned a level 2 spell: Searing Ray
  3784 | D:3      | Reached skill level 5 in Conjurations
  3978 | D:3      | Reached ** piety under Sif Muna
  4570 | D:4      | Noticed a phantom
  4587 | D:4      | Killed a phantom
  4588 | D:4      | Reached skill level 1 in Invocations
  4588 | D:4      | Reached XP level 6. HP: 33/45 MP: 6/11
  4647 | D:4      | Noticed Grinder
  4648 | D:4      | Paralysed by Grinder for 2 turns
  4655 | D:4      | Killed Grinder
  4656 | D:4      | Reached skill level 1 in Evocations
  4790 | D:4      | Your scales start taking on a fiery red colour.
  4790 | D:4      | Reached XP level 7. HP: 48/50 MP: 7/13
  4790 | D:4      | Gained mutation: Your flesh is heat resistant. (rF+) [Red
                  | Draconian growth]
  5139 | D:4      | Found a sand-covered staircase.
  5146 | Ossuary  | Entered an ossuary
  5826 | Ossuary  | Reached *** piety under Sif Muna
  6577 | D:4      | Noticed Sigmund
  6600 | D:3      | Reached skill level 5 in Spellcasting
  7158 | D:5      | Entered Level 5 of the Dungeon
  7182 | D:5      | Reached XP level 8. HP: 57/57 MP: 8/15
  7373 | D:5      | You fall into a shaft and drop 3 floors!
  7381 | D:8      | Found a sparkling altar of Nemelex Xobeh.
  7402 | D:8      | Found a white marble altar of Elyvilon.
  7534 | D:8      | Found a glowing silver altar of Zin.
  7534 | D:8      | Found an iron altar of Okawaru.
  7734 | D:6      | Identified the -1 tower shield "Junwiropt" {rElec rN+ rCorr
                  | Str+3}
  7938 | D:6      | Noticed Prince Ribbit
  7988 | D:6      | Killed Prince Ribbit
  7993 | D:6      | Learned a level 3 spell: Conjure Flame
  8601 | D:6      | Reached skill level 1 in Fire Magic
  8735 | D:6      | Reached **** piety under Sif Muna
  8882 | D:5      | Reached XP level 9. HP: 62/62 MP: 13/18
  8914 | D:5      | Found a staircase to the Ecumenical Temple.
  9662 | D:5      | Learned a level 3 spell: Mephitic Cloud
 10169 | D:6      | Noticed Edmund
 10186 | D:6      | Killed Edmund
 10856 | D:7      | Reached skill level 5 in Dodging
 11049 | D:7      | Gained mutation: Your spells are a little easier to cast,
                  | but a little less powerful. [potion of mutation]
 11049 | D:7      | Gained mutation: You are agile. (Dex +2) [potion of
                  | mutation]
 11049 | D:7      | Gained mutation: You are very agile. (Dex +4) [potion of
                  | mutation]
 11329 | D:7      | Noticed Pikel
 11349 | D:7      | Killed Pikel
 11350 | D:7      | Reached skill level 1 in Air Magic
 11350 | D:7      | Reached skill level 1 in Poison Magic
 11350 | D:7      | Reached skill level 5 in Invocations
 11699 | D:7      | Noticed Joseph
 11727 | D:7      | Killed Joseph
 11905 | D:7      | Reached skill level 5 in Fire Magic
 11905 | D:7      | Reached XP level 10. HP: 69/69 MP: 15/21
 12097 | D:7      | Found a burning altar of Makhleb.
 12865 | D:8      | Found Onegurra's Weapon Shop.
 13026 | D:8      | Found a radiant altar of Vehumet.
 14283 | D:9      | Reached ***** piety under Sif Muna
 14308 | D:9      | Received a gift from Sif Muna
 14903 | D:9      | Found a snail-covered altar of Cheibriados.
 15009 | D:9      | Reached XP level 11. HP: 39/74 MP: 1/23
 15644 | D:9      | Noticed a two-headed ogre
 16145 | D:9      | Found a staircase to the Orcish Mines.
 16967 | D:9      | Killed a two-headed ogre
 17030 | D:10     | Entered Level 10 of the Dungeon
 17312 | D:10     | Noticed Sonja
 17376 | D:10     | Killed Sonja
 17860 | D:10     | Noticed Harold
 18029 | D:10     | Noticed Erica
 18052 | D:9      | Upgraded the game from 0.27-a0-909-g0721f309d1 to
                  | 0.27-a0-920-gb2bd10914a
 18314 | D:10     | Slain by Harold

Illustrated notes

Levels and vault maps discovered:
D:1:      dpeg_arrival_tiny_a, layout_loops_ring, basic_ecumenical_altar
D:2:      layout_loops_corners, basic_altar, uniq_natasha
D:3:      layout_loops_ring, chequers_temple_overflow_statue_of_worship
D:4:      layout_rooms, serial_forest, infiniplex_forest_zigzag_2,
          infiniplex_forest_end_3, infiniplex_forest_clump_long,
          infiniplex_forest_straight_2, infiniplex_forest_lined_room_,
          infiniplex_forest_lined_2, infiniplex_forest_zigzag_1,
          nicolae_ossuary_entry_ruins, chequers_serial_rivers_micro_d,
          minivault_25, uniq_crazy_yiuf_cottage, uniq_sigmund, uniq_grinder
D:5:      layout_basic, minmay_temple_entry_slanted, minmay_starry_boxes
D:6:      layout_loops_ring, uniq_prince_ribbit1, uniq_edmund
D:7:      black_bear_nest_2, layout_loops_corners,
          nicolae_overflow_hidden_temple, uniq_joseph, uniq_pikel
D:8:      layout_gridville, grunt_temple_overflow_open, kennysheep_mini,
          serial_shops, shop, chequers_serial_rivers_large_a, lightli_minifort
D:9:      layout_irregular_city, slow_altar_1, minmay_orc_entry_temple_small,
          serial_ice, serial_ice_g, serial_ice_n, serial_ice_i, serial_ice_c,
          serial_ice_b, serial_ice_o, serial_ice_e, hangedman_decor_points
D:10:     layout_cave_pools, david_lair_shrubbed, serial_shops, shop,
          chequers_serial_rivers_small_b, uniq_erica, uniq_sonja, uniq_harold,
          uniq_nergalle

Skill      XL: |  1  2  3  4  5  6  7  8  9 10 11 |
---------------+----------------------------------+-----
Stealth        | 2 |  2.6
Dodging        | 2 3 4 5 6 |  6.7
Spellcasting   | 3 4 5 6 7 8 9 |  9.4
Conjurations   | 5 6 7 8 9 |  9.5
Invocations    | 1 3 4 5 6 7 |  7.2
Evocations     | 1 |  1.4
Fire Magic     | 1 5 7 8 |  8.9
Air Magic      | 1 |  1.2
Poison Magic   | 1 |  1.3

Action                   |  1- 3 |  4- 6 |  7- 9 | 10-12 || total
-------------------------+-------+-------+-------+-------++-------
Melee: Unarmed           |    11 |       |       |       ||    11
       Tailslap          |     1 |     1 |     1 |     1 ||     4
       Short sword       |       |     2 |     5 |       ||     7
       Staff             |       |       |       |     4 ||     4
 Cast: Magic Dart        |    77 |    58 |    91 |    19 ||   245
       Searing Ray       |       |    26 |   107 |   115 ||   248
       Conjure Flame     |       |       |     5 |     3 ||     8
       Mephitic Cloud    |       |       |    11 |    18 ||    29
Invok: Channel Magic     |       |       |       |     1 ||     1
 Abil: Breathe Fire      |       |       |    16 |    16 ||    32
Evoke: Wand              |       |     1 |       |     1 ||     2
  Use: Scroll            |       |     2 |     1 |     4 ||     7
       Potion            |       |     1 |     8 |     3 ||    12
Armor: Skin              |     6 |     6 |    61 |    94 ||   167
Dodge: Dodged            |    25 |    16 |   149 |   185 ||   375

Table legend: (Time is in decaauts)
 A = Elapsed time spent in this place.
 B = Non-inter-level travel time spent in this place.
 C = Inter-level travel time spent in this place.
 D = Time resting spent in this place.
 E = Time spent auto-exploring this place.
 F = Levels seen in this place.
 G = Mean time per level.
                   A        B        C        D        E       F      G
               +--------+--------+--------+--------+--------+-----+--------+
         Total |  18347 |  18136 |    211 |   6832 |   8143 |  11 | 1667.9 |
       Dungeon |  17204 |  16993 |    211 |   6388 |   7653 |  10 | 1720.4 |
       Ossuary |   1142 |   1142 |      0 |    444 |    490 |   1 | 1142.0 |
               +--------+--------+--------+--------+--------+-----+--------+

Top non-repeatable levels by time:
     D:9: 3219 daAuts
     D:8: 2158 daAuts
     D:6: 1964 daAuts
     D:7: 1852 daAuts
     D:3: 1624 daAuts
     D:2: 1616 daAuts
     D:1: 1549 daAuts
     D:5: 1421 daAuts
     D:4: 1234 daAuts
 Ossuary: 1142 daAuts
    D:10: 562 daAuts
